 Dungeon Crawl Stone Soup version 0.19-b1-5-gdc9fa9d (webtiles) character file.

2790 Helmschank the Martial Artist (level 9, -11/74 HPs)
             Began as a Green Draconian Transmuter on Nov 1, 2016.
             Was an Initiate of Okawaru.
             Splashed by Joseph's acid (13 damage)
             ... on level 7 of the Dungeon.
             The game lasted 00:48:25 (10160 turns).

Helmschank the Martial Artist (DrTm)               Turns: 10160, Time: 00:48:26

Health: -11/74     AC:  2    Str: 12    XL:     9   Next: 43%
Magic:  21/23      EV: 24    Int: 14    God:    Okawaru [......]
Gold:   312        SH:  0    Dex: 20    Spells: 4 memorised, 4 levels left

rFire  . . .     SeeInvis .       - Unarmed
rCold  . . .     Gourm    .     (armour unavailable)
rNeg   . . .     Faith    .     (shield currently unavailable)
rPois  x         Spirit   .     (helmet currently unavailable)
rElec  .         Reflect  .     (cloak currently unavailable)
rCorr  .         Harm     .     (gloves currently unavailable)
MR     +....                    (boots currently unavailable)
Stlth  ++........               (no amulet)
                                q - ring of protection from magic
                                m - ring of magical power

@: spider-form
A: (breathe noxious fumes), unfitting armour, (poison resistance),
(cold-blooded), AC +7
a: End Transformation, Renounce Religion


You were on level 7 of the Dungeon.
You worshipped Okawaru.
Okawaru was noncommittal.
You were not hungry.
You were a venomous arachnid creature.
You visited 2 branches of the dungeon, and saw 8 of its levels.

You collected 370 gold pieces.
You spent 58 gold pieces at shops.

Inventory:

Hand Weapons
 b - a +0 blowgun
Missiles
 a - 165 arrows
 d - 36 poisoned needles
 x - 2 tomahawks (quivered)
 R - 162 stones
Armour
 g - a +1 pair of gloves (melded)
 t - a +1 hat (melded)
 y - a +0 cloak (melded)
Jewellery
 m - a ring of magical power (left front leg)
 q - a ring of protection from magic (right front leg)
Wands
 f - a wand of flame (24/48)
 u - a wand of lightning (7/15)
Scrolls
 e - 4 scrolls of recharging
 i - a scroll of magic mapping
 s - 3 scrolls of remove curse
 w - a scroll of teleportation
Potions
 h - a potion of cancellation
 l - 2 potions of might
 n - 3 potions of lignification
 p - 5 potions of curing
 z - 2 potions of invisibility {unknown}
 B - 2 potions of ambrosia {unknown}
Books
 r - a book of Changes

   Spells                             Type                      Level
   a - Beastly Appendage              Transmutation                1
   b - Sticks to Snakes               Transmutation                2
   c - Spider Form                    Transmutation/Poison         3
   d - Ice Form                       Ice/Transmutation            4
   e - Blade Hands                    Transmutation                5
Comestibles
 c - 6 bread rations
 j - a meat ration
 k - a fruit
 o - a slice of pizza
 A - a royal jelly
 C - a beef jerky


   Skills:
 - Level 5.2 Fighting
 - Level 5.1 Dodging
 - Level 8.4 Unarmed Combat
 + Level 3.4 Spellcasting
 * Level 6.0 Transmutations
 - Level 2.0 Ice Magic
 - Level 3.1 Poison Magic


You had 4 spell levels left.
You knew the following spells:

 Your Spells              Type           Power        Failure   Level  Hunger
a - Spider Form           Tmut/Pois      ###.......   28%         3    ###....
b - Ice Form              Ice/Tmut       ##......     67%         4    #####..
x - Sticks to Snakes      Tmut           ###.....     10%         2    ##.....
z - Beastly Appendage     Tmut           ###...       8%          1    #......


Dungeon Overview and Level Annotations

Branches:
Dungeon (7/15)             Temple (1/1) D:7

Altars:
Ashenzari
Cheibriados
Dithmenos
Gozag
Hepliaklqana
Kikubaaqudgha
Makhleb
Nemelex Xobeh
Okawaru
Qazlal
Ru
Sif Muna
Trog
Uskayaw
Vehumet
Xom
Yredelemnul
Zin

Shops:
D:5 }   D:6 [

Annotations:
D:3 1 runed door
D:7 Joseph


Innate Abilities, Weirdness & Mutations

((You can breathe blasts of noxious fumes.))
((Your lurid green scales are hard. (AC +7)))
You cannot fit into any form of body armour.
((Your system is resistant to poisons. (rPois)))
((You are cold-blooded and may be slowed by cold attacks.))


Message History

You turn into a venomous arachnid creature.
Your +0 cloak melds into your body.
Your +1 hat melds into your body.
Your +1 pair of gloves melds into your body.
Joseph shoots a sling bullet.
The sling bullet hits you!
You see here a sling bullet.
Joseph shoots a sling bullet.
The sling bullet hits you!
You see here a sling bullet.
Joseph unwields an uncursed hunting sling.
Joseph wields an uncursed quarterstaff.
Joseph closely misses you.
You barely miss Joseph. You bite Joseph!
Joseph is lightly wounded.
Joseph zaps a wand.
The bolt of acid hits you!
You are splashed with acid!
The acid burns!
It is a wand of acid.
You hit Joseph but do no damage.
Joseph is poisoned.
Joseph is lightly wounded.
Joseph zaps a wand.
The bolt of acid hits you!
* * * LOW HITPOINT WARNING * * *
You are splashed with acid!
The acid burns!
You die...

#.## ######.....♣≈≈≈≈P≈
####..###..........#≈≈≈P≈P
#............#.....#.♣≈≈≈≈
#.##.........#.....>.P≈≈≈P
# #......#..#.....#.♣≈≈≈P
#......####.....#..♣♣♣♣
#.....(##.......#..#...
#.....@##.#.....#..#...
#.#...s##.#.....#..#...
#.#...(...#.....#..#...
#.#...(.........#..#...
#.##..>####.....'..#...
#.....(.........#......
.#####..(####.....#......
#..................#......
#######..#####.....#......
#............#.....#


You could see Joseph.

Vanquished Creatures
  Menkaure (D:5)
  An ice beast (D:6)
  3 sky beasts
  A black bear (D:7)
  A phantom (D:6)
  6 ogres
  3 centaurs
  A gnoll sergeant (D:5)
  4 bullfrogs
  3 scorpions
  A howler monkey (D:6)
  2 crimson imps (D:6)
  3 jellies
  A hound (D:5)
  3 orc wizards
  A bullfrog skeleton (D:5)
  2 iguanas
  Terence (D:3)
  7 worker ants
  A hound zombie (D:7)
  A howler monkey zombie (D:5)
  10 gnolls
  10 adders
  A shadow imp (D:5)
  An ooze (D:1)
  4 worms
  A dart slug (D:2)
  5 leopard geckos
  18 orcs
  6 bats
  2 giant cockroaches (D:1)
  5 goblins
  10 hobgoblins
  10 jackals
  A quokka (D:3)
  A ball python (D:2)
  2 frilled lizards (D:2)
  9 kobolds
  5 rats
  A fungus (D:3)
149 creatures vanquished.

Notes
Turn   | Place    | Note
-------+----------+-------------------------------------------
     0 | D:1      | Helmschank the Draconian Transmuter began the quest for the Orb.
     0 | D:1      | Reached XP level 1. HP: 16/16 MP: 3/3
   257 | D:1      | Reached XP level 2. HP: 23/23 MP: 5/5
   265 | D:1      | Learned a level 2 spell: Sticks to Snakes
  1100 | D:2      | Reached XP level 3. HP: 13/28 MP: 4/6
  1693 | D:2      | Reached skill level 4 in Unarmed Combat
  2166 | D:2      | Reached XP level 4. HP: 27/35 MP: 7/7
  2544 | D:2      | Learned a level 3 spell: Spider Form
  2778 | D:3      | Found a shattered altar of Ashenzari.
  2778 | D:3      | Found a stormy altar of Qazlal.
  2779 | D:3      | Found a sparkling altar of Nemelex Xobeh.
  2871 | D:3      | Reached skill level 1 in Poison Magic
  3229 | D:3      | Noticed Terence
  3239 | D:3      | Killed Terence
  3239 | D:3      | Reached XP level 5. HP: 39/40 MP: 8/8
  3300 | D:3      | Found a runed door.
  4348 | D:4      | Reached skill level 5 in Unarmed Combat
  4348 | D:4      | Reached XP level 6. HP: 11/47 MP: 9/9
  4645 | D:4      | Found a radiant altar of Vehumet.
  5324 | D:5      | Entered Level 5 of the Dungeon
  5575 | D:5      | Found a snail-covered altar of Cheibriados.
  5609 | D:5      | Noticed a sky beast
  5619 | D:5      | Reached skill level 6 in Unarmed Combat
  5641 | D:4      | Your scales start taking on a lurid green colour.
  5641 | D:4      | Reached XP level 7. HP: 13/52 MP: 10/10
  5641 | D:4      | Gained mutation: Your system is resistant to poisons. (rPois) [Green Draconian growth]
  5902 | D:5      | Noticed Menkaure
  6195 | D:5      | Killed Menkaure
  6612 | D:5      | Reached skill level 7 in Unarmed Combat
  6850 | D:5      | Reached XP level 8. HP: 54/59 MP: 11/11
  7256 | D:5      | Found Orgheaj's Gadget Boutique.
  7379 | D:6      | Found Goeko's Armour Shop.
  7388 | D:6      | Reached skill level 8 in Unarmed Combat
  7435 | D:6      | Reached skill level 5 in Dodging
  7625 | D:6      | Bought a +0 cloak for 58 gold pieces
  7890 | D:6      | Found a hide-covered altar of Uskayaw.
  8096 | D:6      | Reached skill level 5 in Fighting
  8104 | D:6      | Learned a level 4 spell: Ice Form
  8106 | D:6      | Found a deep blue altar of Sif Muna.
  8215 | D:6      | Reached skill level 1 in Ice Magic
  8215 | D:6      | Reached XP level 9. HP: 25/74 MP: 12/12
  9414 | D:7      | Reached skill level 5 in Transmutations
  9507 | D:7      | Found a staircase to the Ecumenical Temple.
  9758 | D:7      | Noticed Joseph
  9774 | Temple   | Entered the Ecumenical Temple
 10040 | Temple   | Became a worshipper of Warmaster Okawaru
 10160 | D:7      | HP: 2/74 [Joseph/wand of acid (27)]
 10160 | D:7      | Splashed by Joseph's acid

Skill      XL: |  1  2  3  4  5  6  7  8  9 |
---------------+----------------------------+-----
Dodging        | 2 3 5 |  5.1
Unarmed Combat | 4 5 6 7 8 |  8.4
Transmutations | 3 4 6 |  6.0
Poison Magic   | 2 3 |  3.1
Fighting       | 5 |  5.2
Ice Magic      | 1 2 |  2.0
Spellcasting   | 3 |  3.4

Action                   |  1- 3 |  4- 6 |  7- 9 || total
-------------------------+-------+-------+-------++-------
Melee: Unarmed           |   139 |   218 |   290 ||   647
       Tailslap          |    19 |    14 |    15 ||    48
       Kick              |     4 |     8 |    17 ||    29
       Headbutt          |     6 |     4 |     9 ||    19
       Punch             |       |     3 |     6 ||     9
Throw: Stone             |    23 |    21 |     5 ||    49
       Tomahawk          |       |     2 |    11 ||    13
 Cast: Beastly Appendage |     8 |    20 |    18 ||    46
       Spider Form       |       |     8 |    22 ||    30
       Sticks to Snakes  |       |       |     7 ||     7
 Abil: Breathe Noxious F |       |       |     2 ||     2
  Use: Scroll            |       |    11 |     1 ||    12
  Eat: Chunk             |     4 |    11 |    15 ||    30
       Fruit             |       |     2 |     4 ||     6
Armor: Skin              |    26 |    45 |    53 ||   124
Dodge: Dodged            |    61 |   130 |   214 ||   405
